 Dungeon Crawl Stone Soup version 0.21.1-1-g345015f (webtiles) character file.

1628 tidbits the Sneak (level 8, -8/59 HPs)
             Began as a Gnoll Enchanter on June 6, 2018.
             Was a Believer of Cheibriados.
             Killed from afar by a steam dragon (21 damage)
             ... with a ball of steam
             ... on level 8 of the Dungeon.
             The game lasted 00:20:42 (1676 turns).

tidbits the Sneak (Gnoll Enchanter)                 Turns: 1676, Time: 00:20:42

Health: -8/59      AC:  7    Str: 14    XL:     8   Next: 97%
Magic:  11/17      EV: 18    Int: 24    God:    Cheibriados [**....]
Gold:   222        SH:  0    Dex: 22    Spells: 2/19 levels left

rFire    x . .     SeeInvis .   b - +4 rapier (freeze)
rCold    . . .     Gourm    .   (no shield)
rNeg     + + +     Faith    .   u - +0 ring mail of Dice, Bag, and Bottle {rF- rN+++ MR++} (curse)
rPois    .         Spirit   .   (no helmet)
rElec    .         Reflect  .   (no cloak)
rCorr    .         Harm     .   (no gloves)
MR       ++...                  (no boots)
Stlth    ++++......             (no amulet)
HPRegen  0.19/turn              V - +3 ring of evasion
MPRegen  0.15/turn              (no ring)

@: very slow
A: distributed training, fangs 1, iridescent scales 1, thin skeletal structure
1, evolution 1, strong nose
a: Bend Time, Renounce Religion


You were on level 8 of the Dungeon.
You worshipped Cheibriados.
Cheibriados was pleased with you.
You were not hungry.

You visited 2 branches of the dungeon, and saw 9 of its levels.

You collected 222 gold pieces.

Inventory:

Hand Weapons
 a - a +1 dagger
 b - a +4 rapier of freezing (weapon)
   (You found it on level 4 of the Dungeon)
 e - a +0 war axe
 l - a cursed +0 flail
 n - a +0 hunting sling
 o - a +2 dagger of distortion
   (You took it off an orc on level 8 of the Dungeon)
 r - a +2 whip of pain
   (You found it on level 5 of the Dungeon)
 v - a +4 halberd of pain
   (You took it off a gnoll on level 8 of the Dungeon)
Missiles
 f - 72 arrows
 g - 31 sling bullets
 t - 74 stones (quivered)
Armour
 m - the +1 leather armour "Itaeff" {rElec rCorr Str+2 Int+3, unknown}
   (You found it on level 4 of the Dungeon)

   It affects your strength (+2).
   It affects your intelligence (+3).
   It insulates you from electricity.
   It protects you from acid and corrosion.
 u - the cursed +0 ring mail of Dice, Bag, and Bottle (worn) {rF- rN+++ MR++}
   (You took it off an orc on level 5 of the Dungeon)

   It makes you vulnerable to fire.
   It renders you almost immune to negative energy.
   It affects your resistance to hostile enchantments.
   It has a curse placed upon it.
 B - a +0 robe
Jewellery
 h - an uncursed ring of fire
   (You found it on level 3 of the Dungeon)
 V - a +3 ring of evasion (left hand)
   (You found it on level 5 of the Dungeon)
Wands
 s - a wand of enslavement (15)
Scrolls
 i - 2 scrolls of blinking
 j - 4 scrolls of teleportation
 k - 3 scrolls of summoning
 q - a scroll of enchant weapon
Books
 c - a book of Maledictions

   Spells                             Type                      Level
   a - Corona                         Hexes                        1
   b - Ensorcelled Hibernation        Hexes/Ice                    2
   c - Confuse                        Hexes                        3
   d - Tukima's Dance                 Hexes                        3
   e - Dazzling Spray                 Conjuration/Hexes            3
 p - a book of Battle
   (You found it on level 6 of the Dungeon)

   Spells                             Type                      Level
   a - Infusion                       Charms                       1
   b - Shroud of Golubria             Charms/Translocation         2
   c - Song of Slaying                Charms                       2
   d - Spectral Weapon                Hexes/Charms                 3
   e - Regeneration                   Charms/Necromancy            3
Comestibles
 d - 6 rations


   Skills:
 + Level 3.6 Fighting
 + Level 4.5 Short Blades
 + Level 3.6 Long Blades
 + Level 3.6 Axes
 + Level 3.6 Maces & Flails
 + Level 3.6 Polearms
 + Level 3.6 Staves
 + Level 3.6 Slings
 + Level 3.6 Bows
 + Level 3.6 Crossbows
 + Level 3.6 Throwing
 + Level 3.6 Armour
 + Level 5.9 Dodging
 + Level 7.1 Stealth
 + Level 3.6 Shields
 + Level 3.6 Unarmed Combat
 + Level 6.2 Spellcasting
 + Level 3.0 Conjurations
 + Level 6.3 Hexes
 + Level 3.0 Charms
 + Level 3.0 Summonings
 + Level 3.0 Necromancy
 + Level 3.0 Translocations
 + Level 3.0 Transmutations
 + Level 3.0 Fire Magic
 + Level 3.0 Ice Magic
 + Level 3.0 Air Magic
 + Level 3.0 Earth Magic
 + Level 3.0 Poison Magic
 + Level 4.0 Invocations
 + Level 3.6 Evocations


You had 2 spell levels left.
You knew the following spells:

 Your Spells              Type           Power        Failure   Level  Hunger
a - Corona                Hex            #####..      1%          1    None
c - Confuse               Hex            #####...     3%          3    None
d - Dazzling Spray        Conj/Hex       ####..       7%          3    None
e - Ensorcelled Hibernat  Hex/Ice        ####..       3%          2    None
r - Regeneration          Chrm/Necr      ###.......   13%         3    None
w - Spectral Weapon       Hex/Chrm       ####....     7%          3    None
y - Song of Slaying       Chrm           ###.....     7%          2    None


Dungeon Overview and Level Annotations

Branches:
Dungeon (8/15)             Temple (1/1) D:6
   Lair: D:8-11

Altars:
Cheibriados
Elyvilon
Gozag
Kikubaaqudgha
Makhleb
Nemelex Xobeh
Sif Muna
Uskayaw
Xom
Yredelemnul
Zin
The Shining One
Beogh

Annotations:
D:8 Erica


Innate Abilities, Weirdness & Mutations

Your experience applies equally to all skills.
You have very sharp teeth.
Your uncanny sense of smell can sniff out nearby items.
You are partially covered in iridescent scales. (AC +2)
You have a somewhat thin skeletal structure. (Dex +2, Stealth)
You evolve.


Message History

Cheibriados appreciates the change of pace.
Your Stealth skill increases to level 7!
Your spectral weapon fades away.
Items here: ))) †††
v - a halberd of pain You see here a halberd.
Found 12 sling bullets.
You see here 12 sling bullets.
g - 31 sling bullets (gained 12)
Found 12 gold pieces.
Found a stone staircase leading down.
You see here 12 gold pieces.
You now have 222 gold pieces (gained 12).
Found a silvery potion.
A steam dragon and a sky beast come into view.
Found a ring mail.
Found a stone staircase leading up.
Casting: Spectral Weapon
Confirm with . or Enter, or press ? or * to list all spells.
Aiming: Corona
Press: ? - help, Shift-Dir - straight line, f - sky beast
Aim: a sky beast (hasn't noticed you, chance to defeat MR: 74%)
The sky beast barely resists.
Casting: Corona
Confirm with . or Enter, or press ? or * to list all spells.
Aiming: Corona
Press: ? - help, Shift-Dir - straight line, f/p - sky beast
Aim: a sky beast (chance to defeat MR: 74%)
The sky beast is outlined in light.
Casting: Corona
Confirm with . or Enter, or press ? or * to list all spells.
You draw out your weapon's spirit!
The sky beast barely misses you.
You puncture the sky beast! You freeze the sky beast.
You bite the sky beast, but do no damage.
The sky beast is heavily wounded.
The sky beast barely misses you.
You hit the sky beast. You freeze the sky beast.
The sky beast is severely wounded.
Your spectral weapon hits the sky beast!
Your spectral weapon freezes the sky beast.
You kill the sky beast!
Cheibriados appreciates the change of pace.
Your Conjurations skill increases to level 3!
Your Charms skill increases to level 3!
Your Summonings skill increases to level 3!
Your Necromancy skill increases to level 3!
Your Translocations skill increases to level 3!
Your Transmutations skill increases to level 3!
Your Fire Magic skill increases to level 3!
Your Ice Magic skill increases to level 3!
Your Air Magic skill increases to level 3!
Your Earth Magic skill increases to level 3!
Your Poison Magic skill increases to level 3!
Your Invocations skill increases to level 4!
The steam dragon hisses angrily.
Found a scroll of teleportation.
A crimson imp comes into view.
The steam dragon bites you! The steam dragon barely misses you.
Casting: Spectral Weapon
Confirm with . or Enter, or press ? or * to list all spells.
Aiming: Ensorcelled Hibernation
Press: ? - help, Shift-Dir - straight line, f - steam dragon
Aim: a steam dragon (chance to defeat MR: 58%)
The steam dragon resists with significant effort.
The steam dragon barely misses you. The steam dragon claws you.
Casting: Ensorcelled Hibernation
Confirm with . or Enter, or press ? or * to list all spells.
Aiming: Ensorcelled Hibernation
Press: ? - help, Shift-Dir - straight line, f/p - steam dragon
Aim: a steam dragon (chance to defeat MR: 58%)
The steam dragon resists with significant effort.
The steam dragon closely misses you.
The steam dragon claws you but does no damage.
You barely miss the steam dragon.
You punch the steam dragon, but do no damage.
Your spectral weapon hits the steam dragon.
Your spectral weapon freezes the steam dragon.
The steam dragon barely misses you. The steam dragon closely misses you.
You hit the steam dragon. You freeze the steam dragon.
The steam dragon is moderately wounded.
Your spectral weapon barely misses the steam dragon.
The steam dragon barely misses you.
The steam dragon claws you but does no damage.
You hit the steam dragon but do no damage.
The steam dragon is moderately wounded.
Your spectral weapon barely misses the steam dragon.
The steam dragon breathes steam at you. The ball of steam hits you!
The steam scalds you terribly!
Ouch! That really hurt!
* * * LOW HITPOINT WARNING * * *
The steam dragon barely misses your spectral weapon.
The steam dragon misses your spectral weapon.
The crimson imp hits you but does no damage.
The crimson imp misses you. The steam dragon breathes steam at you.
The ball of steam hits your spectral weapon.
Your spectral weapon resists.
Your spectral weapon shares its damage with you!
The ball of steam hits you! The steam scalds you terribly!
You die...

#.......#
.###.......#
........?..#
...........#
...........####
..............#
........5!....#
#[.§D(@....#
.##....§§....###
...<...§§.§......
#..#####..§§§§....##
#..########.#####.#
#>..................
#...................
##........##########
................#


You could see a steam dragon, a crimson imp and a friendly spectral rapier of
freezing.

Vanquished Creatures
  A hippogriff (D:8)
  3 orc warriors (D:8)
  A sky beast (D:8)
  An ice beast (D:6)
  2 ogres
  A phantom (D:7)
  A bullfrog (D:8)
  A water moccasin skeleton (D:7)
  A crimson imp (D:8)
  2 bullfrog zombies
  3 jellies
  2 bullfrog skeletons
  An orc wizard (D:7)
  2 orc priests
  A hound (D:8)
  2 iguanas
  2 worker ants
  4 gnolls (D:8)
  A howler monkey skeleton (D:6)
  4 adders
  An adder zombie (D:5)
  A worm (D:4)
  3 leopard geckos
  23 orcs
  2 giant cockroaches
  2 goblins
  A hobgoblin (D:2)
  6 jackals
  A quokka (D:7)
  4 frilled lizards
  A jackal skeleton (D:4)
  2 kobolds
  A rat (D:4)
84 creatures vanquished.

Vanquished Creatures (others)
  A spectral weapon (D:8)
1 creature vanquished.

Grand Total: 85 creatures vanquished

Notes
Turn   | Place    | Note
-------+----------+-------------------------------------------
     0 | D:1      | tidbits the Gnoll Enchanter began the quest for the Orb.
     0 | D:1      | Reached XP level 1. HP: 13/13 MP: 6/6
    20 | D:2      | You fall through a shaft!
    73 | D:2      | Reached XP level 2. HP: 13/19 MP: 4/7
    77 | D:2      | Learned a level 2 spell: Ensorcelled Hibernation
   309 | D:5      | Entered Level 5 of the Dungeon
   340 | D:6      | Noticed an ice beast
   368 | D:4      | Reached skill level 6 in Stealth
   368 | D:4      | Reached skill level 5 in Spellcasting
   368 | D:4      | Reached skill level 1 in Invocations
   368 | D:4      | Reached XP level 3. HP: 13/25 MP: 6/9
   373 | D:4      | Learned a level 3 spell: Confuse
   377 | D:4      | Learned a level 3 spell: Dazzling Spray
   381 | D:4      | Learned a level 3 spell: Tukima's Dance
   421 | D:5      | Reached skill level 1 in Fighting
   421 | D:5      | Reached skill level 1 in Long Blades
   421 | D:5      | Reached skill level 1 in Axes
   421 | D:5      | Reached skill level 1 in Maces & Flails
   421 | D:5      | Reached skill level 1 in Polearms
   421 | D:5      | Reached skill level 1 in Staves
   421 | D:5      | Reached skill level 1 in Slings
   421 | D:5      | Reached skill level 1 in Bows
   421 | D:5      | Reached skill level 1 in Crossbows
   421 | D:5      | Reached skill level 1 in Throwing
   421 | D:5      | Reached skill level 1 in Armour
   421 | D:5      | Reached skill level 1 in Shields
   421 | D:5      | Reached skill level 1 in Unarmed Combat
   421 | D:5      | Reached skill level 1 in Evocations
   424 | D:5      | Noticed an ogre
   431 | D:5      | Killed an ogre
   431 | D:5      | Reached skill level 1 in Conjurations
   431 | D:5      | Reached skill level 1 in Charms
   431 | D:5      | Reached skill level 1 in Summonings
   431 | D:5      | Reached skill level 1 in Necromancy
   431 | D:5      | Reached skill level 1 in Translocations
   431 | D:5      | Reached skill level 1 in Transmutations
   431 | D:5      | Reached skill level 1 in Fire Magic
   431 | D:5      | Reached skill level 1 in Ice Magic
   431 | D:5      | Reached skill level 1 in Air Magic
   431 | D:5      | Reached skill level 1 in Earth Magic
   431 | D:5      | Reached skill level 1 in Poison Magic
   431 | D:5      | Reached XP level 4. HP: 16/32 MP: 3/11
   431 | D:5      | Reached XP level 5. HP: 19/37 MP: 3/12
   442 | D:5      | Found a glowing silver altar of Zin.
   442 | D:5      | Noticed an angel
   614 | D:5      | Reached skill level 3 in Short Blades
   733 | D:5      | Got a polished ring mail
   767 | D:4      | Gained mutation: You evolve. [potion of mutation]
   767 | D:4      | Gained mutation: You are partially covered in iridescent scales. (AC +2) [potion of mutation]
   849 | D:4      | Identified the cursed +0 ring mail of Dice, Bag, and Bottle {rF- rN+++ MR++} (You took it off an orc on level 5 of the Dungeon)
   925 | D:4      | Reached XP level 6. HP: 30/44 MP: 4/13
   948 | D:4      | Learned a level 3 spell: Regeneration
   975 | D:4      | Got a shimmering leather armour
   989 | D:4      | Reached skill level 2 in Invocations
  1018 | D:4      | Found a burning altar of Makhleb.
  1019 | D:4      | Gained mutation: You have a somewhat thin skeletal structure. (Dex +2, Stealth) [evolution]
  1020 | D:4      | Found a basalt altar of Yredelemnul.
  1020 | D:4      | Found an ancient bone altar of Kikubaaqudgha.
  1027 | D:4      | Found an opulent altar of Gozag.
  1027 | D:4      | Found a deep blue altar of Sif Muna.
  1041 | D:4      | Reached skill level 2 in Fighting
  1041 | D:4      | Reached skill level 2 in Long Blades
  1041 | D:4      | Reached skill level 2 in Axes
  1041 | D:4      | Reached skill level 2 in Maces & Flails
  1041 | D:4      | Reached skill level 2 in Polearms
  1041 | D:4      | Reached skill level 2 in Staves
  1041 | D:4      | Reached skill level 2 in Slings
  1041 | D:4      | Reached skill level 2 in Bows
  1041 | D:4      | Reached skill level 2 in Crossbows
  1041 | D:4      | Reached skill level 2 in Throwing
  1041 | D:4      | Reached skill level 2 in Armour
  1041 | D:4      | Reached skill level 5 in Dodging
  1041 | D:4      | Reached skill level 2 in Shields
  1041 | D:4      | Reached skill level 2 in Unarmed Combat
  1041 | D:4      | Reached skill level 2 in Evocations
  1095 | D:6      | Killed an ice beast
  1097 | D:6      | Found a staircase to the Ecumenical Temple.
  1106 | Temple   | Entered the Ecumenical Temple
  1137 | Temple   | Became a worshipper of Cheibriados the Contemplative
  1165 | D:6      | Reached XP level 7. HP: 46/50 MP: 6/15
  1236 | D:7      | Learned a level 3 spell: Spectral Weapon
  1300 | D:7      | Reached skill level 2 in Conjurations
  1300 | D:7      | Reached skill level 2 in Charms
  1300 | D:7      | Reached skill level 2 in Summonings
  1300 | D:7      | Reached skill level 2 in Necromancy
  1300 | D:7      | Reached skill level 2 in Translocations
  1300 | D:7      | Reached skill level 2 in Transmutations
  1300 | D:7      | Reached skill level 2 in Fire Magic
  1300 | D:7      | Reached skill level 2 in Ice Magic
  1300 | D:7      | Reached skill level 2 in Air Magic
  1300 | D:7      | Reached skill level 2 in Earth Magic
  1300 | D:7      | Reached skill level 2 in Poison Magic
  1374 | D:7      | Reached * piety under Cheibriados
  1374 | D:7      | Reached skill level 3 in Invocations
  1407 | D:8      | Reached XP level 8. HP: 57/57 MP: 5/16
  1413 | D:8      | Found a roughly hewn altar of Beogh.
  1452 | D:8      | Reached skill level 6 in Hexes
  1458 | D:8      | Learned a level 2 spell: Song of Slaying
  1476 | D:8      | Noticed Erica
  1478 | D:8      | Reached skill level 3 in Fighting
  1478 | D:8      | Reached skill level 4 in Short Blades
  1478 | D:8      | Reached skill level 3 in Long Blades
  1478 | D:8      | Reached skill level 3 in Axes
  1478 | D:8      | Reached skill level 3 in Maces & Flails
  1478 | D:8      | Reached skill level 3 in Polearms
  1478 | D:8      | Reached skill level 3 in Staves
  1478 | D:8      | Reached skill level 3 in Slings
  1478 | D:8      | Reached skill level 3 in Bows
  1478 | D:8      | Reached skill level 3 in Crossbows
  1478 | D:8      | Reached skill level 3 in Throwing
  1478 | D:8      | Reached skill level 3 in Armour
  1478 | D:8      | Reached skill level 3 in Shields
  1478 | D:8      | Reached skill level 3 in Unarmed Combat
  1478 | D:8      | Reached skill level 3 in Evocations
  1491 | D:8      | Reached skill level 6 in Spellcasting
  1585 | D:8      | Reached ** piety under Cheibriados
  1607 | D:8      | Noticed a hippogriff
  1619 | D:8      | Killed a hippogriff
  1619 | D:8      | Reached skill level 7 in Stealth
  1665 | D:8      | Reached skill level 3 in Conjurations
  1665 | D:8      | Reached skill level 3 in Charms
  1665 | D:8      | Reached skill level 3 in Summonings
  1665 | D:8      | Reached skill level 3 in Necromancy
  1665 | D:8      | Reached skill level 3 in Translocations
  1665 | D:8      | Reached skill level 3 in Transmutations
  1665 | D:8      | Reached skill level 3 in Fire Magic
  1665 | D:8      | Reached skill level 3 in Ice Magic
  1665 | D:8      | Reached skill level 3 in Air Magic
  1665 | D:8      | Reached skill level 3 in Earth Magic
  1665 | D:8      | Reached skill level 3 in Poison Magic
  1665 | D:8      | Reached skill level 4 in Invocations
  1676 | D:8      | Killed from afar by a steam dragon

Skill      XL: |  1  2  3  4  5  6  7  8 |
---------------+-------------------------+-----
Stealth        | 6 7 |  7.1
Spellcasting   | 5 6 |  6.2
Invocations    | 1 2 3 4 |  4.0
Fighting       | 1 2 3 |  3.6
Long Blades    | 1 2 3 |  3.6
Axes           | 1 2 3 |  3.6
Maces & Flails | 1 2 3 |  3.6
Polearms       | 1 2 3 |  3.6
Staves         | 1 2 3 |  3.6
Slings         | 1 2 3 |  3.6
Bows           | 1 2 3 |  3.6
Crossbows      | 1 2 3 |  3.6
Throwing       | 1 2 3 |  3.6
Armour         | 1 2 3 |  3.6
Shields        | 1 2 3 |  3.6
Unarmed Combat | 1 2 3 |  3.6
Evocations     | 1 2 3 |  3.6
Conjurations   | 1 2 3 |  3.0
Charms         | 1 2 3 |  3.0
Summonings     | 1 2 3 |  3.0
Necromancy     | 1 2 3 |  3.0
Translocations | 1 2 3 |  3.0
Transmutations | 1 2 3 |  3.0
Fire Magic     | 1 2 3 |  3.0
Ice Magic      | 1 2 3 |  3.0
Air Magic      | 1 2 3 |  3.0
Earth Magic    | 1 2 3 |  3.0
Poison Magic   | 1 2 3 |  3.0
Short Blades   | 3 4 |  4.5
Dodging        | 5 |  5.9
Hexes          | 6 |  6.3

Action                   |  1- 3 |  4- 6 |  7- 9 || total
-------------------------+-------+-------+-------++-------
Melee: Dagger            |    33 |    38 |       ||    71
       Bite              |     5 |     5 |     9 ||    19
       Rapier            |       |    24 |    98 ||   122
       Punch             |       |       |     1 ||     1
Throw: Stone             |       |     2 |     5 ||     7
 Cast: Corona            |     9 |    10 |     9 ||    28
       Ensorcelled Hiber |     4 |    16 |    10 ||    30
       Dazzling Spray    |     1 |     1 |     1 ||     3
       Confuse           |       |     8 |     4 ||    12
       Regeneration      |       |     1 |       ||     1
       Spectral Weapon   |       |       |     7 ||     7
       Song of Slaying   |       |       |     2 ||     2
  Use: Scroll            |       |     6 |     2 ||     8
       Potion            |       |     3 |       ||     3
 Stab: Sleeping          |     8 |     8 |    11 ||    27
       Confused          |       |     3 |     2 ||     5
       Invisible         |       |       |     2 ||     2
  Eat: Chunk             |       |     1 |     2 ||     3
Armor: Robe              |     5 |     2 |       ||     7
       Ring mail         |       |     7 |    31 ||    38
Dodge: Dodged            |    28 |    56 |    78 ||   162

Table legend:
 A = Turns spent in this place as a percentage of turns spent in the entire game.
 B = Non-inter-level travel turns spent in this place as a percentage of non-inter-level travel turns spent in the entire game.
 C = Inter-level travel turns spent in this place as a percentage of turns spent in this place.
 D = Turns resting spent in this place as a percentage of non-inter-level travel turns spent in this place.
 E = Turns spent auto-exploring this place as a percentage of non-inter-level travel turns spent in this place.
 F = Non-inter-level travel turns spent in this place divided by the number of levels of this place that you've seen.
                   A       B       C       D       E      F
               +-------+-------+-------+-------+-------+----------------------
         Total | 100.0 | 100.0 |   0.5 |   0.0 |   0.0 | 185.2
       Dungeon |  97.5 |  98.0 |   0.0 |   0.0 |   0.0 | 204.2
        Temple |   2.5 |   2.0 |  21.4 |   0.0 |   0.0 |  33.0
               +-------+-------+-------+-------+-------+----------------------

Table legend:
 A = Kills in this place as a percentage of kills in entire the game.
 B = Kills by you in this place as a percentage of kills by you in the entire game.
 C = Kills by friends in this place as a percentage of kills by friends in the entire game.
 D = Other kills in this place as a percentage of other kills in the entire game.
 E = Experience gained in this place as a percentage of experience gained in the entire game.
 F = Experience gained in this place divided by the number of levels of this place that you have seen.
                   A       B       C       D       E      F
               +-------+-------+-------+-------+-------+----------------------
         Total | 100.0 | 100.0 |   N/A |   N/A | 100.0 | 258.6
       Dungeon | 100.0 | 100.0 |   N/A |   N/A | 100.0 | 290.9
               +-------+-------+-------+-------+-------+----------------------

Vault maps used:
D:1:      dpeg_arrival_fog
D:2:      nicolae_ashenzari_panopticon, serial_bayou, serial_bayou_pond_e,
          serial_bayou_pond_a, serial_bayou_pond_e, serial_bayou_lake_a,
          serial_bayou_shore_a, first_ration, minmay_door_square,
          minmay_item_behind_shaft, minmay_misc_feat_enclosed, uniq_robin
D:3:      grunt_decor_arrowhead, trog_book
D:4:      minmay_overflow_temple_star_hex
D:5:      zin_angel, nicolae_ru_path_of_blood
D:6:      gammafunk_temple_overflow_elements, minmay_temple_entry_glass,
          basic_altar, kennysheep_small_circle
D:8:      special_room, uniq_erica, uniq_maurice
Temple:   jpeg_temple_clearing
